 Dungeon Crawl Stone Soup version 0.20-a0-517-g5f97612 (webtiles) character file.

78 Kidiri the Magician (level 4, -1/24 HPs)
             Began as a Deep Elf Fire Elementalist on Jan 24, 2017.
             Slain by a gnoll
             ... wielding a +0 spear
              (6 damage)
             ... on level 2 of the Dungeon.
             The game lasted 00:07:26 (2435 turns).

Kidiri the Magician (Deep Elf Fire Elementalist)    Turns: 2435, Time: 00:07:27

Health: -1/24      AC:  4    Str:  5    XL:     4   Next: 15%
Magic:  1/12       EV: 13    Int: 21    God:
Gold:   160        SH:  0    Dex: 15    Spells: 3/12 levels left

rFire    . . .     SeeInvis .   k - -1 dagger (curse)
rCold    . . .     Gourm    .   a - +0 robe
rNeg     + . .     Faith    .   (no shield)
rPois    +         Spirit   .   e - +1 helmet
rElec    .         Reflect  .   (no cloak)
rCorr    .         Harm     .   (no gloves)
MR       .....                  (no boots)
Stlth    ++........             (no amulet)
Regen    0.1/turn               o - ring of positive energy
                                i - ring of poison resistance

@: no status effects
A: no striking features
a: no special abilities


You were on level 2 of the Dungeon.
You were hungry.

You visited 1 branch of the dungeon, and saw 3 of its levels.

You collected 160 gold pieces.

Inventory:

Hand Weapons
 d - a +0 dagger
 k - a cursed -1 dagger (weapon)
Armour
 a - a +0 robe (worn)
 e - a +1 helmet (worn)
Jewellery
 i - a ring of poison resistance (left hand)
 o - a ring of positive energy (right hand)
Scrolls
 g - a scroll of fear
 m - 2 scrolls of immolation
 n - a scroll of amnesia
Potions
 j - 3 potions of resistance
Books
 b - a book of Flames

   Spells                             Type                      Level
   a - Flame Tongue                   Conjuration/Fire             1
   b - Throw Flame                    Conjuration/Fire             2
   c - Conjure Flame                  Conjuration/Fire             3
   d - Inner Flame                    Hexes/Fire                   3
   e - Sticky Flame                   Conjuration/Fire             4
   f - Fireball                       Conjuration/Fire             5
Comestibles
 c - 3 bread rations
 f - 4 royal jellies
 h - 4 chunks of flesh
 l - 2 meat rations


   Skills:
 - Level 2.4 Dodging
 - Level 2.4 Stealth
 * Level 4.9 Spellcasting
 + Level 2.1 Conjurations
 + Level 4.0 Fire Magic


You had 3 spell levels left.
You knew the following spells:

 Your Spells              Type           Power        Failure   Level  Hunger
a - Flame Tongue          Conj/Fire      ###..        3%          1    None
b - Throw Flame           Conj/Fire      ###...       6%          2    None
c - Conjure Flame         Conj/Fire      ###.....     12%         3    ##.....
d - Inner Flame           Hex/Fire       ##......     17%         3    ##.....


Dungeon Overview and Level Annotations

Branches:
Dungeon (3/15)

Altars:
The Shining One


Message History

The gnoll hits you but does no damage. The gnoll hits you with a spear.
Casting: Flame Tongue
Confirm with . or Enter, or press ? or * to list all spells.
Aiming: Flame Tongue
Press: ? - help, Shift-Dir - straight line, f/p - gnoll
Aim: a gnoll, wielding a spear The flame tongue hits the gnoll.
The gnoll is lightly wounded.
The gnoll hits you but does no damage. The gnoll closely misses you.
The gnoll shouts!
You hit the gnoll but do no damage.
The gnoll is lightly wounded.
The gnoll hits you but does no damage. The gnoll closely misses you.
Unknown command.
You closely miss the gnoll.
The gnoll is lightly wounded.
The gnoll hits you with a spear.
* * * LOW HITPOINT WARNING * * *
The gnoll hits you with a spear.
You die...

....#.# #.####### .g..#.#
#.# ###.#.# #.# ......# #.#
###...###########
........g).g....#
.#...>#########g# ....###
#.# #g## .###### #.# #g@#
...)..# #.# #..# ##.#####
#.####..# #...##.###.##'####
.....#.....##..#############
.#.#.###...................#
.....# ########...########.#
.#.#.# #...# #.# .....###
#...# #.#


You could see 3 gnolls.

Vanquished Creatures
  A gnoll (D:2)
  2 adders
  2 worms (D:2)
  A dart slug (D:1)
  2 giant cockroaches
  5 goblins
  5 hobgoblins
  8 kobolds
  A ball python (D:1)
  6 bats
  4 frilled lizards
  8 rats
45 creatures vanquished.

Notes
Turn   | Place    | Note
-------+----------+-------------------------------------------
     0 | D:1      | Kidiri the Deep Elf Fire Elementalist began the quest for the Orb.
     0 | D:1      | Reached XP level 1. HP: 10/10 MP: 6/6
   487 | D:1      | Reached XP level 2. HP: 15/15 MP: 6/8
   491 | D:1      | Learned a level 2 spell: Throw Flame
  1225 | D:2      | Reached XP level 3. HP: 19/19 MP: 6/10
  1231 | D:2      | Learned a level 3 spell: Conjure Flame
  1235 | D:2      | Learned a level 3 spell: Inner Flame
  1306 | D:2      | Found a glowing golden altar of the Shining One.
  2340 | D:3      | Reached XP level 4. HP: 22/24 MP: 10/12
  2435 | D:2      | Slain by a gnoll

Vault maps used:
D:1:      dpeg_arrival_renting, kennysheep_nondescript,
          minmay_shallow_snake_nest
D:2:      tso_metal_star, serial_co_window_serial, co_window_of_opportunity_a,
          co_window_cross_1, co_window_paths_a, co_window_paths_b,
          co_window_corner_a, co_window_broadway_c, co_window_2corner,
          co_window_broadway_c, glass_columns_b, glass_columns_b,
          glass_columns_a, glass_columns_c, glass_columns_a, moated_statue,
          minmay_small_reverse_x
D:3:      grunt_ministairs_14, fountainhead

Skill      XL: |  1  2  3  4 |
---------------+-------------+-----
Spellcasting   | 4 |  4.9
Conjurations   | 2 |  2.1
Fire Magic     | 4 |  4.0
Dodging        | |  2.4
Stealth        | |  2.4

Action                   |  1- 3 |  4- 6 || total
-------------------------+-------+-------++-------
Melee: Dagger            |    20 |     8 ||    28
 Cast: Flame Tongue      |    66 |     8 ||    74
       Conjure Flame     |     2 |     1 ||     3
       Inner Flame       |     1 |     1 ||     2
       Throw Flame       |     1 |       ||     1
  Use: Scroll            |     7 |     1 ||     8
       Potion            |     1 |       ||     1
 Stab: Sleeping          |     5 |       ||     5
  Eat: Chunk             |     4 |       ||     4
Armor: Robe              |     8 |     6 ||    14
Dodge: Dodged            |    28 |    14 ||    42
